 Dungeon Crawl Stone Soup version 0.17-a0-1582-ge6b0260 (webtiles) character file.

229 Chiseanne the Shield-Bearer (level 5, -2/58 HPs)
             Began as a Demonspawn Wanderer on July 27, 2015.
             Killed by divine providence
             ... invoked by an orc priest
              (17 damage)
             ... on level 3 of the Dungeon.
             The game lasted 00:05:45 (2240 turns).

Chiseanne the Shield-Bearer (Demonspawn Wanderer)   Turns: 2240, Time: 00:05:45

Health: -2/58      AC: 22    Str: 14    XL:     5   Next: 71%
Magic:  8/8        EV:  2    Int: 11    God:
Gold:   142        SH: 11    Dex: 16    Spells: 0 memorised, 8 levels left

rFire  . . .     SeeInvis .     a - +0 whip (elec)
rCold  + . .     Clarity  .     (armour currently unavailable)
rNeg   + + +     SustAt   .     m - +2 shield {rC+}
rPois  +         Gourm    .     (helmet currently unavailable)
rElec  .         Spirit   .     (cloak currently unavailable)
rCorr  .         Warding  .     (gloves currently unavailable)
rMut   .         NoTele   +     (boots currently unavailable)
MR     .....                    (no amulet)
Stlth  ++........               (no ring)
                                (no ring)

@: tree-form, not resistant to hostile enchantments, unstealthy
A: (hooves 0), thin skeletal structure 1
a: no special abilities


You were on level 3 of the Dungeon.
You were not hungry.
You were a tree.
You visited 1 branch of the dungeon, and saw 3 of its levels.

You collected 142 gold pieces.

Inventory:

Hand weapons
 a - a +0 whip of electrocution (weapon)
 d - a +0 blowgun
 s - a +0 war axe
Missiles
 c - 27 poisoned needles
 e - 17 bolts of frost
 p - 45 arrows
 u - 25 bolts
Armour
 j - a +0 plate armour (melded)
 k - a +3 leather armour
 m - a +2 shield of cold resistance (worn)
 r - a +0 leather armour of fire resistance
Scrolls
 o - a scroll of teleportation
 q - 2 scrolls of amnesia
Potions
 h - a potion of ambrosia {unknown}
 i - 2 potions of agility {unknown}
 n - a potion of degeneration {unknown}
 v - a potion of magic {unknown}
Comestibles
 f - 3 bread rations
 g - a beef jerky
 l - 6 chunks of flesh
 t - a royal jelly


   Skills:
 + Level 2.4 Fighting
 - Level 1.0 Maces & Flails
 - Level 1.7 Throwing
 + Level 3.0 Armour
 - Level 0.1 Dodging
 + Level 0.8 Stealth
 * Level 3.2 Shields
 - Level 2.0 Spellcasting
   Level 2.6 Ice Magic


You had 8 spell levels left.
You didn't know any spells.

Dungeon Overview and Level Annotations

Branches:
Dungeon (3/15)

Altars:
The Shining One


Innate Abilities, Weirdness & Mutations

((You have hoof-like feet.))
You have a somewhat thin skeletal structure (Dex +2, Stealth).


Message History

You block the orc's attack.
The orc priest hits you but does no damage.
You closely miss the orc priest.
The orc priest is lightly wounded.
The orc hits you but does no damage. You block the orc priest's attack.
Your shield and plate armour prevent you from hitting the orc priest.
Your kick misses the orc priest.
The orc priest is lightly wounded.
The orc hits you but does no damage. You block the orc's attack.
The orc priest invokes the aid of Beogh against you.
Pain shoots through your body!
* * * LOW HITPOINT WARNING * * *
Drink which item? (? for menu, Esc to quit)
You turn into a tree.
Your +0 plate armour melds into your body.
Your roots penetrate the ground.
The orc hits you with a mace.
* * * LOW HITPOINT WARNING * * *
The orc priest calls down the wrath of Beogh upon you.
Something smites you!
You die...

#..8.8..##.#
#....8...##.#
#........##.#
#...##.#.##.#
###.##.#.##.#
#.. .#....#
.. ###..#
#..# #o♣#
#oo# #ro#
#.a# #?.#
#... ##.# ...


You could see a worker ant, 2 orc priests, 2 orcs and a rat.

Vanquished Creatures
  An orc wizard (D:3)
  An orc priest (D:3)
  Jessica (D:3)
  A worker ant (D:3)
  3 gnolls (D:3)
  4 adders
  A worm (D:2)
  3 giant geckos
  3 orcs (D:3)
  A ball python (D:2)
  2 bats
  2 giant cockroaches (D:2)
  5 hobgoblins
  4 jackals (D:2)
  4 giant newts
  6 goblins
  12 kobolds
  2 quokkas
  9 rats
65 creatures vanquished.

Vanquished Creatures (others)
  A kobold (D:2)
1 creature vanquished.

Grand Total: 66 creatures vanquished

Notes
Turn   | Place    | Note
--------------------------------------------------------------
     0 | D:1      | Chiseanne the Demonspawn Wanderer began the quest for the Orb.
     0 | D:1      | Chiseanne set off with: a +2 mace, a potion of lignification, 12 poisoned needles, a +0 blowgun, a +0 robe, a bread ration
     0 | D:1      | Reached XP level 1. HP: 15/15 MP: 3/3
   494 | D:1      | Gained mutation: You have large cloven feet. [demonic ancestry]
   494 | D:1      | Reached XP level 2. HP: 21/21 MP: 5/5
   998 | D:2      | Reached skill level 1 in Shields
   998 | D:2      | Gained mutation: You have hoof-like feet. [demonic ancestry]
   998 | D:2      | Reached XP level 3. HP: 24/26 MP: 6/6
  1310 | D:2      | Found a glowing golden altar of the Shining One.
  1497 | D:2      | Reached XP level 4. HP: 28/32 MP: 7/7
  1839 | D:3      | Gained mutation: You have a somewhat thin skeletal structure (Dex +2, Stealth). [demonic ancestry]
  1839 | D:3      | Reached XP level 5. HP: 23/38 MP: 8/8
  1977 | D:3      | Noticed Jessica
  1980 | D:3      | Killed Jessica
  2003 | D:3      | Found a faded altar to an unknown god.
  2045 | D:3      | Reached skill level 3 in Armour
  2240 | D:3      | Killed from afar by an orc priest

Vault maps used:
D:1:      dpeg_arrival_snail, patterned_corridor
D:2:      nicolae_tso_carved_into_rock, lemuel_old_faithful
D:3:      lemuel_upstairs_altar, ecumenical_altar_2, uniq_jessica

Action                   |  1- 3 |  4- 6 || total
-------------------------+-------+-------++-------
Melee: Mace              |    45 |       ||    45
       Whip              |   169 |    97 ||   266
  Use: Scroll            |     3 |     2 ||     5
       Potion            |       |     1 ||     1
  Eat: Chunk             |     2 |     3 ||     5
